[Event "Late-Titled-Tuesday-Blitz-May-14-2024"]
[Site "Chess.com"]
[Date "2024.05.14"]
[Round "1"]
[White "DIMONBANAN"]
[Black "ChEsper99"]
[Result "1-0"]
[WhiteElo "2606"]
[BlackElo "2253"]
[TimeControl "180+1"]
[EndTime "14:07:02 PDT"]
[Termination "DIMONBANAN won by checkmate"]

1. e4 c6 2. d4 d5 3. exd5 cxd5 4. Bd3 Nc6 5. c3 Nf6 6. Bf4 Bg4 7. Qb3 Qd7 8. Nd2 e6 9. Ngf3 Bd6 10. Bxd6 Qxd6 11.
h3 Bh5 12. O-O O-O 13. Rae1 Nd7 14. Ng5 Bg6 15. Bxg6 hxg6 16. Ndf3 b5 17. Qxb5 Rab8 18.
Qe2 a5 19. h4 a4 20. Ne5 Ndxe5 21. dxe5 Qe7 22. f4 d4 23. h5 dxc3 24. bxc3 Qc5+ 25. Kh2 Ne7 26. hxg6 Nxg6 27. Qh5 Rfd8 28. Nxf7 Kxf7 29. f5 exf5 30. Rxf5+ Kg8 31. Qxg6 Rf8 32. Qe6+ Kh8 33. Rh5# 1-0

[Event "Late-Titled-Tuesday-Blitz-May-14-2024"]
[Site "Chess.com"]
[Date "2024.05.14"]
[Round "1"]
[White "Naoki"]
[Black "SoCalJuniorChess"]
[Result "1-0"]
[WhiteElo "2591"]
[BlackElo "2220"]
[TimeControl "180+1"]
[EndTime "14:07:02 PDT"]
[Termination "Naoki won by resignation"]

1. e4 d5 2. exd5 Qxd5 3. d4 e5 4. dxe5 Qxd1+ 5. Kxd1 Nc6 6. f4 Bf5 7. c3 O-O-O+ 8. Ke1 f6 9. Nf3 fxe5 10. fxe5 Nxe5 11. Nxe5 Re8 12. Bf4 Bd6 13. Nd2 Bxe5 14. Bxe5 Rxe5+ 15.
Kf2 Nf6 16. Nf3 Ne4+ 17. Kg1 Re7 18. Nd4 Bd7 19. Bd3 Nf6 20. h3 a6 21. Kh2 c5 22.
Nf5 Bxf5 23. Bxf5+ Kc7 24. Rhd1 Re2 25. b4 Rf2 26.
Bd3 Nd5 27. Rac1 Nf4 28. Be4 Re8 29. Bf3 Rxa2 30. bxc5 Re5 31. Rb1 Rxc5 32. Rxb7+ Kc8 33. Rxg7 h5 34. Bb7+ Kb8 35. Rd8+ Ka7 36. Bd5+ Kb6 37. Bxa2 1-0

[Event "Late-Titled-Tuesday-Blitz-May-14-2024"]
[Site "Chess.com"]
[Date "2024.05.14"]
[Round "1"]
[White "N_Mullodzhanov"]
[Black "MuhittinBuker"]
[Result "1-0"]
[WhiteElo "2588"]
[BlackElo "2211"]
[TimeControl "180+1"]
[EndTime "14:07:02 PDT"]
[Termination "N_Mullodzhanov won on time"]

1. e4 e5 2. Nf3 Nc6 3. d4 exd4 4. Nxd4 Bc5 5. Nb3 Bb6 6. Nc3 Nf6 7. Qe2 O-O 8. Bg5 h6 9. Bh4 d5 10. Nxd5 g5 11. O-O-O Nxd5 12. Rxd5 Qf6 13. Bg3 Nb4 14. Rb5 a5 15. a3 Nc6 16. h4 g4 17. h5 a4 18.
Rxb6 cxb6 19. Nd2 Be6 20. Bh4 Qe5 21. Qe3 Kh7 22. Bd3 Rg8 23. Bf6 Qxf6 24. e5+ Qf5 25. Bxf5+ Bxf5 26. Ne4 Rgd8 27. Nd6 Be6 28. Qxb6 1-0

[Event "Late-Titled-Tuesday-Blitz-May-14-2024"]
[Site "Chess.com"]
[Date "2024.05.14"]
[Round "1"]
[White "schondeln"]
[Black "Rutricks"]
[Result "0-1"]
[WhiteElo "2327"]
[BlackElo "2651"]
[TimeControl "180+1"]
[EndTime "14:07:04 PDT"]
[Termination "Rutricks won on time"]

1. e4 Nc6 2. Nf3 d5 3. exd5 Qxd5 4. Nc3 Qa5 5. g3 Bg4 6. h3 Bh5 7. Bg2 O-O-O 8. d3 e5 9. O-O f6 10. Bd2 Qb6 11. a3 Qxb2 12. g4 Bf7 13. a4 Qb6 14.
Rb1 Qa6 15. Be3 h5 16. g5 Nge7 17. Nd2 Nd5 18. Nb5 f5 19. g6 Bxg6 20. Bg5 Be7 21.
Bxe7 Ndxe7 22. Nb3 Qb6 23. Qc1 a6 24. Na3 Qb4 25.
Nc4 Qc3 26. Qg5 Rh6 27. Rfe1 Qxc2 28. Nxe5 Nxe5 29. Rbc1 Qxb3 30. Qxe7 Nd7 0-1

[Event "Late-Titled-Tuesday-Blitz-May-14-2024"]
[Site "Chess.com"]
[Date "2024.05.14"]
[Round "1"]
[White "leclash"]
[Black "Nouali_Mohamed"]
[Result "0-1"]
[WhiteElo "2284"]
[BlackElo "2610"]
[TimeControl "180+1"]
[EndTime "14:07:04 PDT"]
[Termination "Nouali_Mohamed won on time"]

1. d4 Nf6 2. c4 g6 3. Nc3 Bg7 4. e4 O-O 5. Nge2 d6 6. f3 c5 7. d5 a6 8. a4 e6 9. Ng3 exd5 10. cxd5 h5 11. Be2 h4 12. Nf1 Nh5 13. f4 f5 14. Bxh5 gxh5 15. Qxh5 fxe4 16. Ne3 Nd7 17. Nf5 Ne5 18. Nxg7 Nd3+ 19. Kd2 Kxg7 20. Nxe4 Nxf4 21. Qg5+ Qxg5 22. Nxg5 Nxd5 23. b3 Rf2+ 24. Ke1 Rxg2 25. Nf3 Bh3 26. Rg1 Re8+ 27. Kf1 Re2 28.
Nxh4 Rf2+ 29. Ke1 Re2+ 30. Kf1 Rxg1+ 31. Kxe2 Kf7 32. Bb2 Rg4 0-1

[Event "Late-Titled-Tuesday-Blitz-May-14-2024"]
[Site "Chess.com"]
[Date "2024.05.14"]
[Round "1"]
[White "A4RookA3"]
[Black "NovakCabarkapa"]
[Result "0-1"]
[WhiteElo "2417"]
[BlackElo "2748"]
[TimeControl "180+1"]
[EndTime "14:07:05 PDT"]
[Termination "NovakCabarkapa won by resignation"]

1. e4 a6 2. d4 e6 3. Nf3 d5 4. exd5 exd5 5. Bd3 Nc6 6. h3 Nb4 7. O-O Nxd3 8. Qxd3 Be7 9. Ne5 Nf6 10.
Bf4 O-O 11. Nd2 c6 12. Rfe1 Be6 13. a4 Nd7 14. Ndf3 Nxe5 15. Nxe5 Qc8 16. c3 Bf5 17. Qg3 Bf6 18. Ng4 Bxg4 19. Qxg4 Qxg4 20. hxg4 Rfe8 21.
f3 h6 22. Kf2 g5 23. Bd2 Kg7 24.
Rxe8 Rxe8 25. Re1 Rb8 26. Ra1 Kg6 27. a5 Be7 28. b4 Bd6 29. Ra2 Rh8 30. Ra1 h5 31.
Rh1 h4 32. Ke2 f5 33. gxf5+ Kxf5 34. g4+ Kg6 35. Rh3 Bg3 36. Kd3 Re8 37. Rh1 Rf8 38.
Ke2 Re8+ 39. Kd3 Kf6 40. Be3 Rh8 41. Rh3 Rh7 42. Bd2 Kg6 43. Be3 Re7 44. Bd2 Bf2 45. Rh1 Rf7 46. Rh3 Bg3 47. Ke2 Bf4 48. Bxf4 Rxf4 49.
Ke3 Rf7 50. Rh1 Re7+ 51. Kd3 Kf6 52. f4 Re4 53. fxg5+ Kxg5 54. Rf1 Re7 55. Rg1 h3 56. Kd2 Kh4 57. g5 h2 58. Rh1 Kg3 59. g6 Kg2 60.
Re1 Rxe1 61. g7 Re8 62. g8=Q+ 0-1

[Event "Late-Titled-Tuesday-Blitz-May-14-2024"]
[Site "Chess.com"]
[Date "2024.05.14"]
[Round "1"]
[White "BestestBP"]
[Black "slorovel"]
[Result "0-1"]
[WhiteElo "2161"]
[BlackElo "2577"]
[TimeControl "180+1"]
[EndTime "14:07:06 PDT"]
[Termination "slorovel won by resignation"]

1. c4 g6 2. d4 Bg7 3. Nf3 Nf6 4. g3 O-O 5. Bg2 d6 6. O-O Nc6 7. Nc3 e5 8. dxe5 dxe5 9. Bg5 Be6 10. Nd2 h6 11. Bxf6 Bxf6 12. Nde4 Be7 13. Qc1 Kg7 14.
Rd1 Qc8 15. Nd5 Bxd5 16. cxd5 Nd4 17. Rd2 f5 18. e3 fxe4 19. exd4 Bg5 20. dxe5 Qf5 21.
Qxc7+ Rf7 22. Qc3 Bxd2 23. Qxd2 Qxe5 24. Re1 Rd8 25. Bxe4 Re7 26. Qc3 Qxc3 27. bxc3 Rxd5 28. f3 Rd2 29. Rb1 b6 30. a4 Ra2 31. Rb4 Rc7 32.
c4 Rc5 33. Bd5 Kf6 34. h4 Ke5 35. Rb1 Rxa4 36. Re1+ Kd4 37. Re6 b5 38. Re4+ Kd3 39.
cxb5 Ra1+ 40. Kh2 Rxd5 41. Re6 Rxb5 42. Rxg6 a5 43. Rxh6 a4 44. Ra6 a3 45. g4 a2 46. h5 Rb2+ 47. Kg3 Rg1+ 48. Kf4 a1=Q 49. Rxa1 Rxa1 50. h6 Rb7 51. g5 Ra6 52. Kg4 Ke3 53. f4 Ke4 54. f5 Ke5 55. f6 Rxf6 56. Kh5 Kf5 57. gxf6 Kxf6 58. Kg4 Rh7 59. Kh5 Kf5 0-1

[Event "Late-Titled-Tuesday-Blitz-May-14-2024"]
[Site "Chess.com"]
[Date "2024.05.14"]
[Round "1"]
[White "Atanejhad"]
[Black "MarcoRiehle"]
[Result "0-1"]
[WhiteElo "2439"]
[BlackElo "2788"]
[TimeControl "180+1"]
[EndTime "14:07:07 PDT"]
[Termination "MarcoRiehle won by resignation"]

1. d4 d5 2. c4 e6 3. Nc3 c5 4. e3 cxd4 5. exd4 Nf6 6. Nf3 Be7 7. Bd3 dxc4 8. Bxc4 O-O 9. O-O a6 10. a4 Nc6 11.
Bg5 Nb4 12. Rc1 h6 13. Bh4 Nfd5 14. Bxe7 Qxe7 15. Re1 Qd8 16. Ne5 Bd7 17. Ne4 Be8 18. Nc5 b6 19. Ne4 Rc8 20. b3 b5 21. axb5 Bxb5 22. Nc5 Qd6 23. Qd2 Rfd8 24. Nxf7 Kxf7 25. Rxe6 Qf4 26. Qxf4+ Nxf4 27. Rxa6+ Bxc4 28. Ra7+ Kg8 29. Rxc4 Rxd4 30. Rxd4 Ne2+ 31. Kf1 Nxd4 32. Ra5 Na6 33. Rxa6 Rxc5 34. f3 Nxb3 35. Rb6 Nd4 36. Kf2 Rc2+ 37. Ke3 Nf5+ 38. Kf4 Ne7 39. Re6 Kf7 0-1

[Event "Late-Titled-Tuesday-Blitz-May-14-2024"]
[Site "Chess.com"]
[Date "2024.05.14"]
[Round "1"]
[White "VictorFcQNK"]
[Black "ImportedItalianMaple"]
[Result "0-1"]
[WhiteElo "2116"]
[BlackElo "2570"]
[TimeControl "180+1"]
[EndTime "14:07:07 PDT"]
[Termination "ImportedItalianMaple won by resignation"]

1. d4 g6 2. Nf3 Bg7 3. Nc3 d6 4. e4 a6 5. h3 b5 6. a3 Bb7 7.
Bd3 Nd7 8. O-O c5 9. Be3 c4 10. Be2 Ngf6 11. e5 Nd5 12. e6 fxe6 13. Ng5 Nf8 14. Bg4 Qd7 15. Qf3 Nf6 16. d5 Qc8 17. Nxe6 Nxe6 18. Bxe6 Qxe6 19. dxe6 Bxf3 20. gxf3 O-O 21.
Rad1 Nh5 22. Kg2 Bxc3 23. bxc3 Rf6 24. Bg5 Rxe6 25. Rfe1 Rxe1 26. Rxe1 Re8 27. Rxe7 Rxe7 28. Bxe7 d5 29. Bd6 Kf7 30. Be5 Ke6 31. f4 Kf5 32. Kf3 g5 33. Bc7 Nxf4 34. Bb6 Nxh3 35. Bc7 h5 36. Kg3 Nf4 37. Kf3 g4+ 38. Kg3 Ne2+ 0-1

[Event "Late-Titled-Tuesday-Blitz-May-14-2024"]
[Site "Chess.com"]
[Date "2024.05.14"]
[Round "1"]
[White "imdvb6307"]
[Black "KuzubovYuriy"]
[Result "0-1"]
[WhiteElo "2521"]
[BlackElo "2924"]
[TimeControl "180+1"]
[EndTime "14:07:09 PDT"]
[Termination "KuzubovYuriy won by resignation"]

1. d4 Nf6 2. Nf3 e6 3. Bg5 d5 4. e3 c5 5. c3 Nc6 6. Nbd2 h6 7.
Bh4 g5 8. Bg3 Nh5 9. Bd3 Qb6 10.
Rb1 Nxg3 11. hxg3 Bg7 12. O-O Bd7 13. dxc5 Qxc5 14. e4 dxe4 15. Nxe4 Qe7 16. Nfd2 Rd8 17. Nc4 Bc8 18. Qe2 O-O 19. a4 Rd5 20. g4 Rfd8 21.
Rbd1 Qc7 22. Ne3 R5d7 23. Nc5 Re7 24. Nc4 b6 25. Ne4 Red7 26. Ng3 Ne5 27. Nxe5 Qxe5 28.
Nh5 Qxe2 29. Bxe2 Be5 30. Rxd7 Rxd7 31. Rd1 Kf8 32. Rxd7 Bxd7 33. Bd1 Ke7 34. Kf1 f5 35. f3 f4 36. Kf2 Kd6 37. g3 a5 38. gxf4 gxf4 39. Bc2 Kc5 40. Bb3 Kd6 41. Kg2 Bc6 42.
Bd1 Kc5 43. Bb3 Bd5 44. Bd1 Bc4 45. Bc2 b5 46. Kf2 b4 47. cxb4+ Kxb4 48. Be4 Kb3 49. Kg2 Kxb2 50. Kh3 Bb3 51. Kh4 Bxa4 52. g5 hxg5+ 53. Kxg5 Bb3 54. Nxf4 Bxf4+ 55. Kxf4 a4 0-1

[Event "Late-Titled-Tuesday-Blitz-May-14-2024"]
[Site "Chess.com"]
[Date "2024.05.14"]
[Round "1"]
[White "jaramsdal"]
[Black "Bryanl106"]
[Result "0-1"]
[WhiteElo "2370"]
[BlackElo "2693"]
[TimeControl "180+1"]
[EndTime "14:07:10 PDT"]
[Termination "Bryanl106 won by resignation"]

1. e4 e5 2. Nf3 Nc6 3. Bc4 Nf6 4. d3 Bc5 5. O-O d6 6. c3 a5 7. Nbd2 O-O 8. h3 h6 9. Re1 a4 10. Nf1 Bd7 11. Bb5 Nd4 12. cxd4 Bxb5 13. dxc5 dxc5 14. Nxe5 Re8 15. Bf4 Qd4 16. Nf3 Qxb2 17. Rb1 Qxa2 18.
Rxb5 c4 19. Qb1 Qxb1 20. Rbxb1 cxd3 21. Ng3 c5 22. Rxb7 Rec8 23. Be5 a3 24. Ra1 c4 25. Bc3 Ne8 26. Nd2 Nd6 27. Rb4 Rc5 28. Nf5 Nb5 29. Bxg7 c3 30. Bxc3 Nxc3 31. Rc4 Rxc4 32. Nxc4 a2 33.
Ne7+ Kf8 34. Nd5 Nxe4 35. f3 Nc5 36. Nc3 Nb3 37. Rxa2 Rc8 38. Ra4 d2 39. Nd1 Re8 40. Kf2 Re1 41. Nce3 Nc1 42. Rd4 Re2+ 43. Kg3 Nb3 44. f4 Nxd4 45. h4 Re1 46. Kf2 Re2+ 47. Kg3 h5 48. f5 Re1 49. Kf2 Nxf5 50. Nxf5 Rxd1 51. Ke2 Rg1 52. Kxd2 Rxg2+ 53. Ke3 Rg4 54. Kf3 Rg6 55. Ng3 Rh6 56. Kf4 Rf6+ 57. Kg5 Rg6+ 58.
Kf4 Rg4+ 59. Kf3 Rxh4 60. Nf5 Rg4 61. Ng3 Rg6 62. Nf5 Rf6 63. Kf4 Rxf5+ 64. Kxf5 Ke7 65. Kg5 Ke6 66. Kxh5 Kf5 67. Kh4 Kf4 68. Kh3 Kf3 69. Kh4 f5 70. Kg5 f4 71. Kf5 Ke3 0-1

[Event "Late-Titled-Tuesday-Blitz-May-14-2024"]
[Site "Chess.com"]
[Date "2024.05.14"]
[Round "1"]
[White "cukus"]
[Black "GelmanAlexander"]
[Result "0-1"]
[WhiteElo "2340"]
[BlackElo "2663"]
[TimeControl "180+1"]
[EndTime "14:07:12 PDT"]
[Termination "GelmanAlexander won on time"]

1. e4 c5 2. Nf3 e6 3. d4 cxd4 4. Nxd4 a6 5. Bd3 d6 6. O-O Nf6 7. Qe2 Be7 8. c4 b6 9. Nc3 Bb7 10. b3 Nbd7 11. Bb2 Ne5 12. f4 Nxd3 13. Qxd3 O-O 14. Rad1 Nd7 15. Nf3 Qc7 16. Kh1 Rfd8 17. Qe2 Bf6 18. Rd2 Nc5 19. e5 Bxf3 20. Qxf3 dxe5 21. fxe5 Bxe5 22. Rdf2 Nd3 23. Re2 Nxb2 24. Rxb2 Bxh2 25. Ne4 Be5 26. Re2 h6 27. Ref2 Rf8 28. Qh5 f5 29. Qg6 Rae8 30. Nd2 Qf7 31. Qxf7+ Rxf7 32. Nf3 Bf6 33. Rd1 e5 34. Ng1 f4 35. Ne2 g5 36. Nc3 e4 37. Nd5 e3 38. Re2 Bd8 39.
b4 Rf5 40. c5 bxc5 41. bxc5 Ba5 42. c6 Kf7 43. Rb2 e2 44. Rb7+ Kg6 45. Re1 Bxe1 46. Ne7+ Rxe7 47. Rxe7 Ba5 48. Rxe2 Rc5 49. Re6+ Kh5 50.
Kh2 g4 51. a4 Kg5 52. Rd6 h5 53. Rd7 h4 0-1

[Event "Late-Titled-Tuesday-Blitz-May-14-2024"]
[Site "Chess.com"]
[Date "2024.05.14"]
[Round "1"]
[White "Bastiandash"]
[Black "ClayK1ng"]
[Result "1/2-1/2"]
[WhiteElo "2698"]
[BlackElo "2387"]
[TimeControl "180+1"]
[EndTime "14:07:14 PDT"]
[Termination "Game drawn by repetition"]

1. e4 d5 2. exd5 Qxd5 3. Nc3 Qe5+ 4. Be2 Bg4 5. d4 Bxe2 6. Ngxe2 Qa5 7. O-O Nf6 8. d5 c6 9. Nf4 cxd5 10. Ncxd5 Nxd5 11.
Nxd5 e6 12. Re1 Be7 13. Nxe7 Kxe7 14. Bd2 Qb5 15. Bc3 Nc6 16. Bxg7 Rhg8 17. Bc3 Rad8 18. Qf3 Rg6 19. Rad1 Qc4 20. b3 Qg4 21. Qxg4 Rxg4 22. Rxd8 Nxd8 23. f3 Rg8 24. Kf2 Nc6 25. Rd1 Rc8 26. Rd2 e5 27. g4 f6 28. h4 Ke6 29.
a3 Ne7 30. Bb2 Nd5 31. c4 Nf4 32. Ke3 a6 33. Rc2 b5 34. Bc1 bxc4 35. bxc4 f5 36.
gxf5+ Kxf5 37. c5 Rc6 38. Rc4 Ne6 39. Kd3 Nxc5+ 40. Kc3 Ke6 41. Be3 Kd5 42. Bxc5 Rxc5 43.
Rxc5+ Kxc5 44. Kd3 Kd5 45. Ke3 a5 46. a4 h5 47. Kd3 Kc5 48. Kc3 Kd5 49. Kd3 Kc5 50.
Kc3 Kd5 51. Kd3 1/2-1/2

[Event "Late-Titled-Tuesday-Blitz-May-14-2024"]
[Site "Chess.com"]
[Date "2024.05.14"]
[Round "1"]
[White "MaxLeto"]
[Black "ArtemDyachuk"]
[Result "0-1"]
[WhiteElo "2371"]
[BlackElo "2697"]
[TimeControl "180+1"]
[EndTime "14:07:15 PDT"]
[Termination "ArtemDyachuk won on time"]

1. g4 a5 2. Bg2 Ra6 3. d4 h5 4. g5 h4 5. c4 e5 6. dxe5 Nc6 7. f4 Bc5 8. Nc3 Nge7 9. e4 d6 10. exd6 cxd6 11. h3 Be6 12. Nd5 a4 13. Ne2 Bxd5 14.
cxd5 Nb8 15. Bd2 Ng6 16. Qc2 Qb6 17. O-O-O Nd7 18. Kb1 O-O 19. Bc3 Rc8 20. Nd4 Nxf4 21. Bf1 Raa8 22. Nf5 Ng6 23. Nxg7 Bb4 24. Rd3 Nde5 25. Nh5 Kf8 26. Nf6 Rc7 27. Re3 Qxe3 28. Bb5 Bxc3 29. bxc3 Rxc3 30. Qb2 Rac8 31. Rd1 a3 0-1

[Event "Late-Titled-Tuesday-Blitz-May-14-2024"]
[Site "Chess.com"]
[Date "2024.05.14"]
[Round "1"]
[White "HanSchut"]
[Black "RuperezA"]
[Result "1/2-1/2"]
[WhiteElo "2365"]
[BlackElo "2665"]
[TimeControl "180+1"]
[EndTime "14:07:15 PDT"]
[Termination "Game drawn by repetition"]

1. e4 e6 2. d4 d6 3. Bd3 Nd7 4. f4 e5 5. Nf3 exd4 6. Nxd4 g6 7. O-O Bg7 8. Be3 Ngf6 9. h3 O-O 10. Nc3 Re8 11. Re1 Nc5 12. Bf2 Nxd3 13. cxd3 c6 14. Nf3 Bd7 15. Qb3 b5 16. Ng5 Re7 17. e5 dxe5 18.
fxe5 Ne8 19. Nxf7 Rxf7 20. e6 Bxe6 21. Qxe6 Qf6 22. Qxf6 Nxf6 23. Rac1 Rd8 24. Ne4 Nxe4 25. dxe4 Rd2 26. Be3 Rxb2 27. Rxc6 Be5 28. Bh6 Rc7 29. Rxc7 Bxc7 30. e5 Kf7 31. e6+ Ke8 32. Bg5 Rxa2 33. e7 Bb6+ 34. Kh1 h6 35. Bxh6 Rf2 36. Bg5 Bc5 37.
h4 Rf7 38. Rc1 Bxe7 39. Rc8+ Kd7 40. Ra8 Bxg5 41. hxg5 Ke6 42. Rb8 Rf5 43. Rb7 a5 44.
Rb6+ Kf7 45. Rb7+ Kg8 46. Rb8+ Kf7 47. Rb7+ Kf8 48. Rb8+ Kg7 49. Rb7+ Kf8 50. Rb8+ Kf7 51. Rb7+ 1/2-1/2

[Event "Late-Titled-Tuesday-Blitz-May-14-2024"]
[Site "Chess.com"]
[Date "2024.05.14"]
[Round "1"]
[White "doublesik"]
[Black "Rud_Makarian"]
[Result "0-1"]
[WhiteElo "2525"]
[BlackElo "2954"]
[TimeControl "180+1"]
[EndTime "14:07:16 PDT"]
[Termination "Rud_Makarian won by resignation"]

1. d4 Nf6 2. c4 e6 3. Nf3 d5 4. Nc3 Be7 5. cxd5 exd5 6. Qc2 O-O 7. Bg5 c6 8. e3 h6 9. Bh4 Re8 10. Bd3 Nbd7 11. h3 Ne4 12. Bxe7 Qxe7 13. O-O Ndf6 14.
Ne5 Bf5 15. a3 a6 16. b4 Nxc3 17. Qxc3 Bxd3 18. Nxd3 Ne4 19. Qc2 Nd6 20. a4 g6 21.
Rab1 h5 22. Ne5 Kg7 23. Rfc1 Qe6 24. Qd3 Re7 25. Rc2 Qf6 26. Qf1 Rg8 27. Nd3 Kh8 28. Nc5 g5 29. g4 hxg4 30. hxg4 Kg7 31. Qg2 Qg6 32. Rbc1 Rh8 33. Re2 Rh4 34. f3 Re8 35. Kf2 Reh8 36. Ke1 Rh1+ 37. Kd2 Nc4+ 38. Rxc4 dxc4 39.
Qg3 Re8 40. e4 b6 41. Ke3 bxc5 42. bxc5 Rd1 43. Qg2 Rd3+ 44. Kf2 Rxd4 45. Qg3 Qf6 46. Qc7 Rd3 47. Qg3 c3 48. Kg2 Rd2 49. e5 Rxe2+ 0-1

[Event "Late-Titled-Tuesday-Blitz-May-14-2024"]
[Site "Chess.com"]
[Date "2024.05.14"]
[Round "1"]
[White "Flaccidmoves"]
[Black "GMTalks_Youtube"]
[Result "0-1"]
[WhiteElo "2438"]
[BlackElo "2774"]
[TimeControl "180+1"]
[EndTime "14:07:16 PDT"]
[Termination "GMTalks_Youtube won by resignation"]

1. Nf3 d5 2. e3 Nf6 3. c4 e6 4. b3 b6 5. Bb2 Bb7 6. Nc3 Nbd7 7.
d4 Bd6 8. Bd3 Ne4 9. Qc2 f5 10.
cxd5 exd5 11. Nb5 Bb4+ 12. Ke2 c6 13. a3 Be7 14. Nc3 Bd6 15. g3 O-O 16. h4 Qe7 17.
Kf1 a5 18. Kg2 Rae8 19. Ne2 Ndf6 20. Ng5 c5 21. Nf4 Ng4 22. Bxe4 fxe4 23. Rhf1 Rf5 24.
Rad1 h6 25. Ngh3 g5 26. hxg5 hxg5 27. dxc5 bxc5 28. Qc3 Be5 29. Ng6 Bxc3 30. Nxe7+ Rxe7 31. Bxc3 d4 32. Bxa5 dxe3 33. Rde1 exf2 34. Nxf2 e3+ 35.
Kg1 exf2+ 36. Rxf2 Rxf2 37. Rxe7 Rg2+ 38. Kf1 Bf3 39.
Bc3 Nh2+ 40. Ke1 g4 41. b4 Rc2 42. Bd2 c4 43. Rc7 Be4 44. b5 Nf3+ 45. Ke2 Rxd2+ 46. Ke3 Bd5 47. b6 Rb2 48. Rc5 Be6 49. Rc6 Kf7 50.
Rc7+ Kf6 51. b7 c3 52. Rxc3 Rxb7 53. a4 Rb4 54. Ra3 Ne5 55. a5 Nc4+ 0-1

[Event "Late-Titled-Tuesday-Blitz-May-14-2024"]
[Site "Chess.com"]
[Date "2024.05.14"]
[Round "1"]
[White "egnfanclub"]
[Black "Puzzlebot_1294"]
[Result "1-0"]
[WhiteElo "2359"]
[BlackElo "2653"]
[TimeControl "180+1"]
[EndTime "14:07:16 PDT"]
[Termination "egnfanclub won by resignation"]

1. e4 e5 2. Nf3 Nc6 3. Nc3 Nf6 4. d4 exd4 5. Nd5 Nb4 6. Bc4 Nbxd5 7. exd5 Be7 8.
Qxd4 d6 9. Bg5 O-O 10. O-O-O h6 11. h4 Bf5 12. Qf4 Bg6 13. g4 hxg5 14. hxg5 Nh7 15.
Kb1 Bxg5 16. Qh2 Qf6 17. Nxg5 Qxg5 18. Bd3 Rfe8 19. f4 Qf6 20. f5 Kf8 21. fxg6 Ng5 22. Rdf1 Qe5 23. Qf2 Qxd5 24. gxf7 Red8 25. Rh8+ Ke7 26.
f8=Q+ Rxf8 27. Rxf8 Rxf8 28. Qxf8+ Kd7 29. Re1 Kc6 30.
Qxg7 Kb6 31. Qc3 c5 32. Qb3+ Qxb3 33. axb3 Nf3 34. Re6 Kc6 35. Rf6 Ne5 36. Be4+ Kd7 37. g5 Ke7 38. Rh6 b6 39. Rh7+ Nf7 40. g6 1-0

[Event "Late-Titled-Tuesday-Blitz-May-14-2024"]
[Site "Chess.com"]
[Date "2024.05.14"]
[Round "1"]
[White "AccioChess"]
[Black "aceontheturn"]
[Result "0-1"]
[WhiteElo "2450"]
[BlackElo "2807"]
[TimeControl "180+1"]
[EndTime "14:07:21 PDT"]
[Termination "aceontheturn won on time"]

1. Nf3 g6 2. g3 Bg7 3. Bg2 c5 4. O-O Nc6 5. c4 d6 6. Nc3 Bf5 7. d3 Qd7 8. Rb1 Bh3 9. a3 Bxg2 10. Kxg2 e6 11. Bd2 Nge7 12. b4 O-O 13. Qc1 b6 14. Bh6 f5 15. Bxg7 Kxg7 16. Qb2 Kg8 17. Rbd1 h6 18. d4 cxb4 19. axb4 a5 20. bxa5 Nxa5 21. Qxb6 Nxc4 22. Qb3 Rfc8 23. e4 Ra3 24. Qb5 Qxb5 25. Nxb5 Rb3 26. Rb1 Rxb1 27. Rxb1 fxe4 28. Ne1 Rb8 29.
Rc1 d5 30. Nc7 Kf7 31. Na6 Rb2 32. Nc2 Nc6 33. Kg1 Nd2 34. Ne3 Nf3+ 35. Kg2 Nfxd4 36. Nc5 Ke7 37. g4 Kd6 38. Na4 Rb4 39. Nc3 Ne5 40.
Ra1 Rb6 41. Ra8 Rb3 42. Na4 Nd3 43. Rd8+ Ke7 44. Rh8 Ra3 45. Nb6 Ra2 0-1

[Event "Late-Titled-Tuesday-Blitz-May-14-2024"]
[Site "Chess.com"]
[Date "2024.05.14"]
[Round "1"]
[White "Boninknights"]
[Black "Mischuk_D"]
[Result "1-0"]
[WhiteElo "2392"]
[BlackElo "2690"]
[TimeControl "180+1"]
[EndTime "14:07:21 PDT"]
[Termination "Boninknights won by resignation"]

1. d4 d5 2. Nf3 e6 3. c4 c6 4. Qc2 dxc4 5. Qxc4 Nf6 6. Nbd2 b5 7.
Qc2 Bb7 8. e4 a6 9. e5 Nd5 10. a3 Nd7 11. Ne4 Qc7 12. b4 a5 13.
bxa5 Qxa5+ 14. Bd2 Qa4 15. Qxa4 Rxa4 16. Nd6+ Bxd6 17. exd6 f6 18. Bd3 Kf7 19. Bc2 Ra7 20. Ke2 Rha8 21. h4 h6 22. h5 Rxa3 23. Bg6+ Kg8 24. Rxa3 Rxa3 25. Rc1 Ra8 26. Ne1 b4 27. Nd3 Ra2 28. Be8 Nc3+ 29. Ke1 Ne4 30. Bxb4 Nb6 31.
d7 Ra8 32. Nc5 Nd6 33. Nxb7 Nxb7 34. Rxc6 Nxd7 35. Bxd7 Nd8 36. Bxe6+ Nxe6 37. Rxe6 Ra1+ 38. Ke2 Rh1 39. d5 Rxh5 40. d6 Rd5 41. Re3 Kf7 42. Re7+ Kg6 43. d7 f5 44. Ba5 Rxa5 45. d8=Q Ra6 46. Qf8 Rf6 47. Qxg7+ 1-0

[Event "Late-Titled-Tuesday-Blitz-May-14-2024"]
[Site "Chess.com"]
[Date "2024.05.14"]
[Round "1"]
[White "Seochesspie"]
[Black "Slovak_fighter2000"]
[Result "1/2-1/2"]
[WhiteElo "2835"]
[BlackElo "2473"]
[TimeControl "180+1"]
[EndTime "14:07:22 PDT"]
[Termination "Game drawn by repetition"]

1. c4 e5 2. Nc3 Nf6 3. Nf3 Nc6 4. g3 Bc5 5. Bg2 d6 6. O-O O-O 7. Na4 Bb6 8. d3 Bg4 9. h3 Bh5 10. g4 Bg6 11. Nxb6 axb6 12. Nh4 Nd7 13. Nxg6 hxg6 14. Bd2 Qh4 15. b4 f5 16. b5 Nd8 17. e3 Nf6 18.
gxf5 gxf5 19. Qf3 Nh7 20. a4 Ng5 21. Qg3 Qxg3 22. fxg3 Nge6 23. a5 bxa5 24. Bxa5 Rf7 25. Bd5 Kh7 26. Bb4 Rxa1 27. Rxa1 c6 28. Bg2 f4 29. exf4 exf4 30. Bxd6 Rd7 31. c5 fxg3 32.
bxc6 Nxc6 33. Bxc6 bxc6 34. Kg2 Nd4 35. Ra6 Rb7 36.
Kxg3 Rb3 37. Be5 Rxd3+ 38. Kg4 Nf3 39. Bf4 Nd4 40. Bd6 Rc3 41. h4 Rc4 42. Kh3 Rc3+ 43. Kg2 Nf5 44. Rxc6 Nxd6 45. Rxd6 Rxc5 46. Kg3 Rh5 47.
Kg4 Ra5 48. h5 Ra4+ 49. Kg5 Ra5+ 50. Kh4 Ra4+ 51. Kg3 Ra3+ 52. Kg4 Ra4+ 53. Kg3 Ra5 54. Kh4 Ra4+ 55. Kg3 1/2-1/2

[Event "Late-Titled-Tuesday-Blitz-May-14-2024"]
[Site "Chess.com"]
[Date "2024.05.14"]
[Round "1"]
[White "LuisFSiles"]
[Black "Abund"]
[Result "0-1"]
[WhiteElo "2440"]
[BlackElo "2782"]
[TimeControl "180+1"]
[EndTime "14:07:22 PDT"]
[Termination "Abund won by resignation"]

1. e4 g6 2. Nc3 Bg7 3. f4 c5 4.
Nf3 Nc6 5. Bb5 Nd4 6. O-O a6 7. Bd3 b5 8. Nxd4 cxd4 9. Ne2 d6 10. c3 dxc3 11. dxc3 Nf6 12. Kh1 O-O 13. Be3 Bb7 14. Ng3 Qc7 15. Qe2 Bc6 16. Rae1 Qb7 17.
e5 dxe5 18. fxe5 Nd5 19. Bd4 Nc7 20. Be4 Ne6 21. Bxc6 Qxc6 22. Rd1 Rad8 23. Ne4 Rd7 24. Qf3 Qc4 25. b3 Qc7 26. Qg3 Rfd8 27. Qf3 Rf8 28.
Qg3 Bh6 29. h4 b4 30. Ng5 Bxg5 31. hxg5 Rfd8 32. Qf2 Rf8 33. Rc1 Qb7 34. Be3 bxc3 35. Rxc3 Qd5 36. Qh4 Qxe5 37. Bd4 Rxd4 38. Qxh7+ Kxh7 39. Rh3+ Kg7 0-1

[Event "Late-Titled-Tuesday-Blitz-May-14-2024"]
[Site "Chess.com"]
[Date "2024.05.14"]
[Round "1"]
[White "SharathRk6"]
[Black "MyDream003"]
[Result "0-1"]
[WhiteElo "2476"]
[BlackElo "2855"]
[TimeControl "180+1"]
[EndTime "14:07:23 PDT"]
[Termination "MyDream003 won by resignation"]

1. e4 c6 2. d4 d5 3. Nc3 dxe4 4. Nxe4 Nf6 5. Nxf6+ exf6 6. c3 Bd6 7. Bd3 O-O 8. Qc2 Re8+ 9. Ne2 h5 10. O-O Nd7 11.
Bd2 Nf8 12. c4 h4 13. h3 Bc7 14. Rad1 Be6 15. f4 Bd7 16. f5 Nh7 17. Nc3 Ng5 18.
Bxg5 fxg5 19. f6 Be6 20. d5 Qd6 21. dxe6 Qh2+ 22. Kf2 Bb6+ 23. Ke1 Rxe6+ 24. Ne2 Rae8 25. Bh7+ Kh8 26. fxg7+ Kxg7 27. Qc3+ Re5 28. Kd2 Qxg2 29. Bd3 Qxh3 30. Rxf7+ Kxf7 31. Bg6+ Kxg6 32. Qxh3 Rxe2+ 33. Kc1 R8e6 34. a3 R2e3 35. Kb1 Rxh3 0-1

[Event "Late-Titled-Tuesday-Blitz-May-14-2024"]
[Site "Chess.com"]
[Date "2024.05.14"]
[Round "1"]
[White "Nor1lsk"]
[Black "MusicCityMaster"]
[Result "1-0"]
[WhiteElo "2785"]
[BlackElo "2441"]
[TimeControl "180+1"]
[EndTime "14:07:23 PDT"]
[Termination "Nor1lsk won by resignation"]

1. e4 e6 2. b3 d5 3. Bb2 dxe4 4.
Nc3 Nf6 5. Qe2 Bb4 6. O-O-O Qe7 7. Kb1 a5 8. a4 b6 9. Nxe4 Nbd7 10. Nf3 Bb7 11. Nxf6+ Nxf6 12. Ne5 O-O-O 13. f3 h5 14. Qf2 Bc5 15. d4 Bb4 16. Bb5 Rd6 17. c3 c6 18. Be2 Nd5 19. cxb4 axb4 20. Nc4 Rdd8 21. Rc1 Kb8 22. Bd3 h4 23. Be4 Nf4 24. Nxb6 Qc7 25. a5 Rh5 26. Rc5 Rxc5 27. dxc5 Nd3 28. Qc2 Nxb2 29.
Qxb2 f6 30. Qc2 Ba6 31. Rd1 Bb5 32.
Nc4 f5 33. Bd3 Rd5 34. Nd6 Bxd3 35. Rxd3 Qxa5 36. Rxd5 exd5 37. Nxf5 Qb5 38. Nd4 Qf1+ 39. Kb2 g6 40. Nxc6+ Kc7 41. Nxb4 g5 42. Nxd5+ Kc6 43. Nb4+ Kb5 44. Qc4+ Qxc4 45. bxc4+ Kxc5 46. Kc3 1-0